 Dungeon Crawl Stone Soup version 0.27-a0-333-gfa571bf19a (webtiles) character file.

Game seed: 13453382744908914968

486 snetch the Magician (level 6, -6/34 HPs)
             Began as a Deep Elf Hedge Wizard on Feb 12, 2021.
             Killed by divine providence
             ... invoked by an orc priest
              (15 damage)
             ... on level 3 of the Dungeon.
             The game lasted 00:16:42 (5796 turns).

snetch the Magician (Deep Elf Hedge Wizard)         Turns: 5796, Time: 00:16:43

Health: -6/34      AC:  7    Str:  7    XL:     6   Next: 89%
Magic:  10/18      EV: 11    Int: 21    God:
Gold:   248        SH:  0    Dex: 14    Spells: 15/20 levels left

rFire    + . .     SeeInvis .   t - +4 hand axe
rCold    . . .     Faith    .   (no shield)
rNeg     . . .     Spirit   .   I - +2 ring mail {rF+}
rPois    .         Reflect  .   c - +0 hat
rElec    .         Harm     .   (no cloak)
rCorr    .         Rampage  .   (no gloves)
Will     .....                  (no boots)
Stlth    ++........             (no amulet)
HPRegen  0.11/turn              A - ring of wizardry
MPRegen  0.16/turn              (no ring)

@: very slightly contaminated
A: no striking features
a: no special abilities


You were on level 3 of the Dungeon.
You visited 1 branch of the dungeon, and saw 5 of its levels.
You also visited: Sewer.

You collected 248 gold pieces.

Inventory:

Hand Weapons
 a - a +0 dagger
 b - a +1 flail of protection
 o - a +0 falchion
 t - a +4 hand axe (weapon)
 D - a +0 short sword
Missiles
 m - 118 stones
 n - 15 bolts
 s - 17 poisoned darts
 u - 49 arrows
 w - 32 sling bullets
 F - a curare-tipped dart
Armour
 c - a +0 hat (worn)
 g - a +0 scale mail
 h - a +0 plate armour
 l - a +0 leather armour
 p - a +0 chain mail
 C - a +0 scale mail
 E - a +0 kite shield
 I - a +2 ring mail of fire resistance (worn)
Jewellery
 A - a ring of wizardry (left hand)
Scrolls
 f - a scroll of teleportation
 k - a scroll of random uselessness
 q - a scroll of fear {unknown}
 v - a scroll of fog {unknown}
 y - 2 scrolls of identify {unknown}
 z - a scroll of amnesia {unknown}
Potions
 d - a potion of attraction {unknown}
 e - a potion of resistance {unknown}
 i - 4 potions of heal wounds {unknown}
 j - a potion of curing {unknown}
 x - a potion of haste {unknown}
 H - a potion of invisibility {unknown}


   Skills:
 + Level 1.2 Fighting
 + Level 1.4 Armour
 + Level 3.4 Dodging
 + Level 3.3 Stealth
 + Level 7.7 Spellcasting
 + Level 3.0 Conjurations
 + Level 2.6 Summonings
 + Level 1.1 Translocations


You had 15 spell levels left.
You knew the following spells:

 Your Spells              Type           Power        Failure   Level
a - Magic Dart            Conj           80%          3%          1
b - Blink                 Tloc           N/A          11%         2
c - Call Imp              Summ           19%          6%          2

Your spell library contained the following spells:

 Spells                   Type           Power        Failure   Level
 Slow                     Hex            8%           16%         2
 Conjure Flame            Conj/Fire      14%          17%         3
 Mephitic Cloud           Conj/Pois/Air  12%          21%         3
 Iskenderun's Battlesphe  Conj           20%          61%         5
 Bolt of Magma            Conj/Fire/Erth 6%           86%         5
 Iron Shot                Conj/Erth      7%           100%        6
 Orb of Destruction       Conj           10%          100%        7
 Spellforged Servitor     Conj/Summ      10%          100%        7


Dungeon Overview and Level Annotations

Branches:
Dungeon (5/15)              Sewer (visited)
 Temple: D:4-7

Altars:
Elyvilon
Fedhas
Qazlal


Message History

A shadowy apparition takes form in the air.
You can't see any susceptible monsters within range! (Use Z to cast anyway.)
You hear some strange, mumbled words.
Something tries to affect you, but you resist.
An orc priest comes into view. It is wielding a +2 vampiric hand axe.
Something hits you but does no damage.
An orc comes into view.
You see here a +0 leather armour.
The magic dart hits the orc priest.
The orc priest is lightly wounded.
Something hits you but does no damage.
The magic dart hits the orc priest.
The orc priest is moderately wounded.
The orc priest mumbles some strange prayers to Beogh against you.
Pain shoots through your body! Something hits you!
The magic dart hits the orc priest.
The orc priest is moderately wounded.
Your shadow imp barely misses something.
The orc priest calls down the wrath of Beogh upon you.
Beogh smites you!
* * * LOW HITPOINT WARNING * * *
Something hits you but does no damage.
You are too injured to fight recklessly!
Aiming: Magic Dart (safe; 3% risk of failure)
Press: ? - help, Q - select action, (/) - cycle Shift-Dir - straight line, f/p - orc priest
Aim: an orc priest, wielding a +2 vampiric hand axe and wearing a +0 leather armour (moderately wounded, 0% to evade)
The magic dart hits the orc priest but does no damage.
The orc priest is moderately wounded.
Your shadow imp gestures at something.
Something writhes in agony.
Reactivating autopickup.
You feel a bit more experienced.
Casting: Magic Dart (safe; 3% risk of failure)
Confirm with . or Enter, or press ? or * to list all spells.
You miscast Call Imp.
You are very lightly contaminated with residual magic.
Nothing appears to happen.
The orc priest invokes the aid of Beogh against you.
Beogh smites you!
You die...

................#
.##÷.######.#.#.# #
###
.##.........#.#.###.#
##.###
.#.....######.#.....#
#..... .##...##
#.......# ##.###
.##.†## ###.###?# #.#
.....# #.## # #.#
####.# #..# #.# ##'##
#5@# ####.# ##...##
#..# #....# ##.....##
#..# #.####
#.......## ..o.
#.#.## .>...<...#
...o# #####....###
.........+ ......
.............
.........# ##.....
####......###
#.......## ##....
#.....## ##.....##
#.....#


You could see an orc priest (ally target), an orc and a friendly shadow imp
(summoned).

Vanquished Creatures
  Purgy (Sewer)
  A bullfrog (D:3)
  A kobold brigand (Sewer)
  A scorpion (D:5)
  A centaur zombie (D:5)
  An iguana (D:5)
  2 adders
  An ufetubus (D:5)
  4 oozes
  2 worms (D:3)
  2 leopard geckos
  10 orcs
  3 ball pythons
  7 giant cockroaches
  10 goblins
  7 hobgoblins
  5 jackals (D:1)
  8 quokkas
  13 bats
  4 frilled lizards
  A giant cockroach zombie (D:5)
  4 kobolds
  5 rats
94 creatures vanquished.

Vanquished Creatures (collateral kills)
  An orc wizard (D:3)
  An adder (D:2)
  A worm (D:2)
  A leopard gecko (D:3)
  An orc (D:3)
  A giant cockroach (D:5)
  2 jackals (D:1)
  A ball python (D:5)
  A frilled lizard (D:1)
  2 kobolds
  2 quokka skeletons (D:5)
  A rat (D:1)
15 creatures vanquished.

Grand Total: 109 creatures vanquished

Notes
Turn   | Place    | Note
-------+----------+-------------------------------------------
     0 | D:1      | snetch the Deep Elf Hedge Wizard began the quest for the
                  | Orb.
     0 | D:1      | Reached XP level 1. HP: 10/10 MP: 7/7
   550 | D:1      | Reached skill level 5 in Spellcasting
   588 | D:1      | Reached XP level 2. HP: 15/15 MP: 8/10
   591 | D:1      | Learned a level 2 spell: Blink
   594 | D:1      | Learned a level 2 spell: Call Imp
  1236 | D:1      | Reached XP level 3. HP: 19/19 MP: 6/12
  2198 | D:2      | Reached XP level 4. HP: 24/24 MP: 5/13
  2541 | D:2      | Found a white marble altar of Elyvilon.
  2923 | D:3      | Reached skill level 6 in Spellcasting
  2949 | D:3      | Found a stormy altar of Qazlal.
  2961 | D:3      | Found a blossoming altar of Fedhas.
  3619 | D:3      | Noticed a bullfrog
  3628 | D:3      | Killed a bullfrog
  3629 | D:3      | Reached XP level 5. HP: 14/28 MP: 5/15
  3858 | D:5      | Entered Level 5 of the Dungeon
  3989 | D:5      | Found a glowing drain.
  4000 | Sewer    | Entered a sewer
  4304 | Sewer    | Noticed Purgy
  4317 | Sewer    | Killed Purgy
  4318 | Sewer    | Reached skill level 1 in Armour
  4318 | Sewer    | Reached skill level 7 in Spellcasting
  4318 | Sewer    | Reached XP level 6. HP: 8/33 MP: 5/18
  4579 | Sewer    | Reached skill level 1 in Fighting
  5796 | D:3      | Killed from afar by an orc priest

Illustrated notes

Levels and vault maps discovered:
D:1:      enne_arrival_octagon_isle, layout_rooms, minmay_tree_intersection,
          minmay_stone_trees_medium, minmay_unequal
D:2:      minmay_spotlight, layout_loops_ring, elyvilon_altar_1
D:3:      layout_loops_corners, grunt_temple_overflow_forces_of_nature
D:4:      layout_loops_corners, serial_bayou, serial_bayou_shore_b,
          serial_bayou_shore_a, serial_bayou_ford_a, serial_bayou_pond_d,
          serial_bayou_pond_d, serial_bayou_pond_b, minmay_between, uniq_edmund,
          uniq_robin, uniq_eustachio
D:5:      lemuel_upstairs_altar, layout_basic, cheibrodos_worm_habitat,
          cheibrodos_sewer_entry_drain

Skill      XL: |  1  2  3  4  5  6 |
---------------+-------------------+-----
Spellcasting   | 5 6 7 |  7.7
Dodging        | 3 |  3.4
Conjurations   | 2 3 |  3.0
Stealth        | 3 |  3.3
Summonings     | 2 |  2.6
Armour         | 1 |  1.4
Fighting       | 1 |  1.2
Translocations | |  1.1

Action                   |  1- 3 |  4- 6 || total
-------------------------+-------+-------++-------
Melee: Dagger            |    27 |     3 ||    30
       Hand axe          |       |     6 ||     6
 Cast: Magic Dart        |    99 |   195 ||   294
       Call Imp          |     8 |    20 ||    28
  Use: Scroll            |       |     4 ||     4
Armor: Robe              |    20 |     1 ||    21
       Leather armour    |       |    22 ||    22
       Ring mail         |       |     9 ||     9
Dodge: Dodged            |    47 |    72 ||   119

Table legend: (Time is in decaauts)
 A = Elapsed time spent in this place.
 B = Non-inter-level travel time spent in this place.
 C = Inter-level travel time spent in this place.
 D = Time resting spent in this place.
 E = Time spent auto-exploring this place.
 F = Levels seen in this place.
 G = Mean time per level.
                   A        B        C        D        E       F      G
               +--------+--------+--------+--------+--------+-----+--------+
         Total |   5817 |   5651 |    166 |    325 |   4152 |   6 |  969.5 |
       Dungeon |   5010 |   4844 |    166 |    127 |   3634 |   5 | 1002.0 |
         Sewer |    807 |    807 |      0 |    198 |    518 |   1 |  807.0 |
               +--------+--------+--------+--------+--------+-----+--------+

Top non-repeatable levels by time:
     D:3: 1794 daAuts
     D:1: 1724 daAuts
     D:2: 1011 daAuts
   Sewer: 807 daAuts
     D:5: 454 daAuts
     D:4: 26 daAuts
